 Dungeon Crawl Stone Soup version 0.14-a0-2034-gd6cb3fa (webtiles) character file.

82195 Mitsuki the Fencer (level 15, -10/171 HPs)
             Began as a Lava Orc Fighter on Jan 19, 2014.
             Was a High Priest of Okawaru.
             Killed by divine providence
             ... invoked by Saint Roka
              (13 damage)
             ... on Level 4 of the Orcish Mines on Jan 20, 2014.
             The game lasted 03:31:42 (26361 turns).

Mitsuki the Fencer (Lava Orc Fighter)              Turns: 26361, Time: 03:31:42

HP -10/171       AC 35     Str 26      XL: 15   Next: 20%
MP  26/28        EV  1     Int  8      God: Okawaru [*****.]
Gold 3083        SH 51     Dex 14      Spells:  0 memorised, 14 levels left

rFire  + + +     SeeInvis .     a - +5,+1 orc scimitar (slice)
rCold  x . .     Clarity  .     t - melded +2 dwarf plate armour {rF+}
rNeg   + + +     Conserve +     w - +3 large shield
rPois  +         rCorr    .     r - +2 helmet
rElec  .         rRot     .     P - melded +1 cloak {+Inv}
SustAb . .       Spirit   .     k - melded +2 pair of orc gloves {Str+3}
rMut   .         Warding  .     (boots currently unavailable)
Saprov + . .     NoTele   +     v - amulet of conservation
MR     +....                    j - cursed +4 ring of protection
                                p - +4 ring of evasion

@: tree-form, very slightly contaminated, heroism, somewhat resistant to hostile
enchantments, very stealthy
A: (claws 0), (hooves 0), thin skeletal structure 1, agile 1, conserve scrolls,
magic resistance 1, saprovore 1
a: Heroism, Finesse, Renounce Religion, Convert to Beogh


You were on level 4 of the Orcish Mines.
You worshipped Okawaru.
Okawaru was extremely pleased with you.
You were not hungry.
You were an animated tree.
You visited 4 branches of the dungeon, and saw 27 of its levels.
You also visited: Labyrinth.

You collected 3083 gold pieces.

Inventory:

Hand weapons
 a - a +5,+1 orcish scimitar of slicing (weapon)
 b - a +1,+1 scimitar of flaming
 N - the +8,+6 short sword "Twellukk" {slice, SInv}
   (You found it on level 8 of the Lair of Beasts)

   It inflicts extra damage upon your enemies.
   It enhances your eyesight.
Armour
 k - a +2 pair of orcish gloves of strength (melded)
 q - a +1 orcish plate armour
 r - a +2 helmet (worn)
 t - a +2 dwarven plate armour of fire resistance (melded)
 w - a +3 large shield (worn)
 P - a +1 cloak of darkness (melded)
Magical devices
 g - a wand of frost (10)
 y - a wand of fireball (0)
 G - a wand of hasting (6)
 R - a wand of teleportation (7)
 W - a wand of disintegration (16)
 X - a wand of paralysis (5)
 Y - a wand of disintegration (15)
Comestibles
 d - 15 meat rations
 u - 14 bread rations
Scrolls
 h - a scroll of holy word
 l - 2 scrolls of identify
 n - 5 scrolls of remove curse
 z - 7 scrolls of teleportation
 E - 3 scrolls of fear
 I - a scroll of amnesia
 K - 2 scrolls of blinking
 M - 5 scrolls of fog
Jewellery
 e - an uncursed amulet of resist corrosion
 j - a cursed +4 ring of protection (right branch)
 p - a +4 ring of evasion (left branch)
 s - the ring "Chovus" {Ice +Fly}
   (You acquired it on level 6 of the Lair of Beasts)

   [ring of ice]

   It lets you fly.
 v - an amulet of conservation (around neck)
 x - an uncursed amulet of stasis
 C - an uncursed amulet of warding
Potions
 f - 3 potions of might
 i - 6 potions of curing
 m - 3 potions of speed
 o - 6 potions of heal wounds
 J - 4 potions of restore abilities
 S - a potion of flight
 V - a potion of agility
Books
 B - a Grand Grimoire {highlevel}

   This book is beyond your current level of understanding.

   Spells                             Type                      Level
   Demonic Horde                      Summoning                    6
   Mass Abjuration                    Summoning                    6
   Haunt                              Necromancy/Summoning         7
   Summon Greater Demon               Summoning                    7
   Malign Gateway                     Summoning/Translocation      7
   Summon Horrible Things             Summoning                    8
 D - the Tome of Hurtful Earth
   (You found it in a labyrinth)

   Spells                             Type                      Level
   Sandblast                          Earth                        1
   Stone Arrow                        Conjuration/Earth            3
   Passwall                           Transmutation/Earth          3
   Dig                                Earth                        4
   Petrify                            Transmutation/Earth          4
   Bolt of Magma                      Conjuration/Fire/Earth       5
   Lee's Rapid Deconstruction         Earth                        5
   Iron Shot                          Conjuration/Earth            6
Magical staves
 F - an uncursed staff of earth
Miscellaneous
 A - a box of beasts


   Skills:
 - Level 5.6(10.6) Fighting
 * Level 17.9(22.9) Long Blades
 + Level 12.2(17.2) Armour
 + Level 15.4(20.4) Shields
 - Level 7.0 Invocations
 - Level 10.2 Evocations


You had 14 spell levels left.
You didn't know any spells.

Dungeon Overview and Level Annotations

Branches:
Dungeon (14/16)            Temple (1/1) D:4             Orc (4/4) D:11
    Elf (0/3) Orc:4          Lair (8/8) D:11         Shoals (0/5) Lair:6
  Snake (0/5) Lair:4        Slime (0/6) Lair:8
 Vaults: D:14-15

Altars:
Ashenzari
Cheibriados
Dithmengos
Elyvilon
Fedhas
Kikubaaqudgha
Makhleb
Nemelex Xobeh
Okawaru
Sif Muna
Trog
Vehumet
Xom
Yredelemnul
Zin
the Shining One
Beogh

Shops:
D:4 !   D:6 !   D:8 =   D:9 [   D:12 /   Orc:4 *%?}

Annotations:
D:6 exclusion: oklob plant
D:13 Fannar
Orc:4 Saint Roka


Innate Abilities, Weirdness & Mutations

You have stony skin.
Your flesh is almost immune to the effects of heat.
Your fire spells are more powerful.
Your flesh is vulnerable to cold.
Your heat harms attackers.
You bathe your surroundings in blazing heat.
You are too hot to use scrolls.
You are very good at protecting items from fire.
You can tolerate rotten meat.
((You have sharp fingernails.))*
((You have large cloven feet.))*
You have a somewhat thin skeletal structure (Dex +2, Stlth).
You are agile. (Dex +2)
You are resistant to hostile enchantments.


Message History

Saint Roka is singed by your heat.
Saint Roka is lightly wounded.
The orc warrior is burned by your radiant heat.
The orc warrior is heavily wounded.
You block the orc warrior's attack.
It'd take too long for a potion to reach your roots.
You closely miss the orc warrior.
The orc warrior is moderately wounded.
The orc warrior is burned by your radiant heat.
The orc warrior is heavily wounded.
You block the orc warrior's attack.
You slice the orc warrior!!
You kill the orc warrior!
Okawaru accepts your kill.
The orc warrior is burned by your radiant heat.
The orc warrior is almost dead.
You block the orc warrior's attack.
Saint Roka mumbles some strange prayers to Beogh against you.
Something smites you!
You die...

..............#...###.##
........$....#.....#....
..(.......))......# #...
.........)).#.#.#####.#
...............####.###.
................##....##
..........#.......##.....
.......................))
........♣).........#.....
........)oo.............#.
........))#.......#......#
..........)............∩..
.......................)..
.########..########..))...
###............####.))...
#................##))))..
#..................#))....


You could see Saint Roka and an orc warrior (frenzied).

Vanquished Creatures
  Donald (Orc:3)
  Gastronok (D:11)
  The ghost of bronies4ever the Brawler, a powerful TrMo of Okawaru (Lair:8)
  A stone giant (Orc:4)
  A dire elephant (Lair:8)
  A minotaur (Lab)
  Harold (D:11)
  4 ogre magi (Orc:4)
  Erica (D:10)
  6 hydras
  The ghost of SkaryMonk the Scorcher, a powerful DEFE of Vehumet (D:11)
  7 death yaks
  A deep troll shaman (Lair:8)
  Urug (D:13)
  A catoblepas (Lair:8)
  An orc high priest (Orc:2)
  An iron troll (Orc:3)
  Erolcha (D:11)
  A centaur warrior (D:13)
  An unseen horror (D:10)
  An orc knight (Orc:3)
  2 hill giants
  An orc sorcerer (Orc:2)
  A griffon (Lair:5)
  10 elephants
  A cyclops (Orc:3)
  Maurice (D:13)
  A black mamba (shapeshifter) (D:13)
  7 spiny frogs
  5 black mambas
  A feature mimic (Lair:3)
  A hellwing (Orc:2)
  3 fire drakes
  The ghost of Mitsuki the Shield-Bearer, an average LOFi (D:4)
  5 komodo dragons
  12 blink frogs
  A troll (Orc:3)
  4 slime creatures (D:12)
  15 two-headed ogres (Orc:4)
  A trapdoor spider zombie (D:11)
  3 basilisks
  A boulder beetle (Lair:8)
  4 grizzly bears
  An elephant slug (Lair:7)
  2 wraiths
  A hill giant zombie (D:11)
  5 hippogriffs
  70 yaks
  2 steam dragons
  Grum (Orc:3)
  3 hungry ghosts
  2 sharks
  4 necrophages (Lair:4)
  2 manticores
  17 wolves
  2 soldier ants
  6 porcupines
  Edmund (D:6)
  3 mottled dragons
  A hill giant skeleton (D:10)
  2 nagas (Lair:4)
  28 orc warriors
  32 ogres
  4 black bears
  2 swamp drakes (Lair:6)
  4 giant goldfish
  2 dwarves (Lair:1)
  4 phantoms
  An ice beast (D:10)
  2 sky beasts
  2 boring beetles
  18 crocodiles
  3 big kobolds
  Duvessa (D:4)
  9 centaurs
  5 wargs
  16 giant frogs
  10 giant slugs
  A wyvern zombie (D:10)
  8 water moccasins
  4 agate snails
  An eye of draining (D:9)
  A hippogriff zombie (D:8)
  2 troll zombies (D:11)
  4 jellies
  6 jellyfish
  6 electric eels
  4 killer bees (D:7)
  3 wights (D:12)
  A pulsating lump (Lair:8)
  A quasit (D:12)
  4 hounds
  Dowan (D:4)
  2 goliath beetles
  33 orc wizards
  5 big fish
  9 crimson imps
  2 giant frog skeletons
  A gnoll shaman (D:4)
  3 scorpions
  14 iguanas
  18 orc priests
  17 sheep
  10 worker ants
  A killer bee zombie (D:10)
  Jessica (D:2)
  3 ogre zombies (D:11)
  A big kobold skeleton (D:12)
  A hound skeleton (D:10)
  2 mummies
  22 gnolls
  58 green rats
  6 giant centipedes
  An inept item mimic (D:11)
  A steam dragon zombie (D:7)
  22 adders
  2 giant mites
  6 worms
  An inept feature mimic (D:2)
  A giant centipede zombie (D:9)
  14 giant geckos
  3 oozes
  173 orcs
  22 bats
  A bat skeleton (D:4)
  A bat zombie (D:7)
  3 giant cockroaches
  44 goblins
  43 hobgoblins
  4 jackals (D:1)
  11 quokkas
  3 ball pythons
  A giant newt (D:7)
  A gnoll skeleton (D:4)
  A goblin skeleton (D:4)
  A goblin zombie (D:11)
  4 hobgoblin skeletons
  3 hobgoblin zombies (D:11)
  24 kobolds
  3 orc skeletons (D:11)
  11 orc zombies (D:11)
  A quokka skeleton (D:4)
  17 rats
  A rat zombie (D:6)
  2 ballistomycetes (D:10)
  A bush (D:6)
  3 fungi (Lair:8)
  6 plants
1076 creatures vanquished.

Vanquished Creatures (others)
  An orc wizard (D:4)
  2 green rats (Lair:8)
  An orc (D:4)
  A giant spore (D:10)
  7 fungi
  3 plants (Lair:8)
15 creatures vanquished.

Grand Total: 1091 creatures vanquished

Notes
Turn   | Place    | Note
--------------------------------------------------------------
     0 | D:1      | Mitsuki, the Lava Orc Fighter, began the quest for the Orb.
     0 | D:1      | Reached XP level 1. HP: 19/19 MP: 1/1
   111 | D:1      | Reached skill level 4 in Fighting
   137 | D:1      | Reached XP level 2. HP: 27/27 MP: 2/2
   795 | D:2      | Noticed Jessica
   811 | D:2      | Killed Jessica
   811 | D:2      | Reached XP level 3. HP: 28/33 MP: 3/3
  1192 | D:2      | Reached XP level 4. HP: 41/41 MP: 4/4
  1360 | D:2      | Found a radiant altar of Vehumet.
  1367 | D:2      | Found a snail-covered altar of Cheibriados.
  1371 | D:2      | Found a blossoming altar of Fedhas.
  1372 | D:2      | Found a shadowy altar of Dithmengos.
  1809 | D:3      | Reached XP level 5. HP: 42/47 MP: 5/5
  1907 | D:3      | Reached skill level 5 in Shields
  2126 | D:3      | Noticed an ogre
  2146 | D:3      | Killed an ogre
  2146 | D:3      | Reached skill level 5 in Fighting
  2146 | D:3      | Reached XP level 6. HP: 35/56 MP: 6/6
  2183 | D:3      | Found a bloodstained altar of Trog.
  2348 | D:4      | Found Qiph's Distillery.
  2468 | D:4      | Found a shattered altar of Ashenzari.
  2475 | D:4      | Found a glowing silver altar of Zin.
  2478 | D:4      | Found a sparkling altar of Nemelex Xobeh.
  2494 | D:4      | Found a deep blue altar of Sif Muna.
  2527 | D:4      | Found a staircase to the Ecumenical Temple.
  2534 | Temple   | Entered the Ecumenical Temple
  2765 | Temple   | Became a worshipper of Warmaster Okawaru
  3283 | D:4      | Reached skill level 6 in Shields
  3454 | D:4      | Noticed Mitsuki's ghost (average LOFi)
  3482 | D:4      | Killed Mitsuki's ghost
  3482 | D:4      | Acquired Okawaru's first power
  3482 | D:4      | Reached XP level 7. HP: 35/61 MP: 7/7
  3555 | D:4      | Reached skill level 5 in Long Blades
  3561 | D:4      | Reached skill level 7 in Shields
  3562 | D:4      | Reached skill level 5 in Armour
  3766 | D:4      | Noticed Duvessa
  3783 | D:4      | Noticed Dowan
  3795 | D:4      | Killed Duvessa
  3795 | D:4      | Reached XP level 8. HP: 57/68 MP: 8/8
  3825 | D:4      | Killed Dowan
  4390 | D:5      | Entered Level 5 of the Dungeon
  4407 | D:5      | Reached skill level 8 in Shields
  5086 | D:6      | Found Geaweafe's Distillery.
  5545 | D:6      | Found a blossoming altar of Fedhas.
  5548 | D:6      | Noticed Edmund
  5671 | D:6      | Killed Edmund
  5710 | D:6      | Noticed an oklob plant
  5800 | D:7      | Reached skill level 9 in Shields
  5836 | D:7      | Found a bloodstained altar of Trog.
  5875 | D:7      | Reached XP level 9. HP: 74/74 MP: 9/9
  6082 | D:7      | Reached skill level 10 in Shields
  6501 | D:7      | Acquired Okawaru's second power
  6692 | D:7      | Identified a scroll of acquirement
  6867 | D:8      | Reached skill level 11 in Shields
  6935 | D:8      | Received a gift from Okawaru
  7212 | D:8      | Found Caeluc's Jewellery Boutique.
  7282 | D:8      | Reached XP level 10. HP: 81/81 MP: 10/10
  7295 | D:8      | Reached skill level 10 in Long Blades
  7415 | D:8      | Found a glowing silver altar of Zin.
  7990 | D:8      | Upgraded the game from 0.14-a0-2019-gd9bc7f0 to 0.14-a0-2034-gd6cb3fa
  8118 | D:9      | Found Tat Ited's Armour Boutique.
  8294 | D:9      | Reached skill level 12 in Shields
  8810 | D:10     | Entered Level 10 of the Dungeon
  8852 | D:10     | Noticed a hill giant
  8864 | D:10     | Killed a hill giant
  9021 | D:10     | Noticed Erica
  9052 | D:10     | Killed Erica
  9052 | D:10     | Reached XP level 11. HP: 71/88 MP: 11/11
  9352 | D:10     | Killed an unseen horror
  9877 | D:11     | Noticed SkaryMonk's ghost (powerful DEFE)
  9895 | D:11     | Killed SkaryMonk's ghost
 10096 | D:11     | Found a staircase to the Orcish Mines.
 10185 | D:11     | Noticed Erolcha
 10207 | D:11     | Killed Erolcha
 10207 | D:11     | Received a gift from Okawaru
 10286 | D:11     | Noticed Gastronok
 10325 | D:11     | Killed Gastronok
 10325 | D:11     | Reached skill level 13 in Long Blades
 10704 | D:11     | Found a staircase to the Lair.
 10707 | D:11     | Noticed Harold
 10724 | D:11     | Killed Harold
 11040 | D:12     | Reached skill level 14 in Long Blades
 11040 | D:12     | Reached XP level 12. HP: 83/94 MP: 12/12
 11164 | D:12     | Received a gift from Okawaru
 11269 | D:12     | Paralysed by a potion of paralysis for 6 turns
 11276 | D:12     | Gained mutation: You have large cloven feet. [potion of mutation]
 11276 | D:12     | Gained mutation: You have sharp fingernails. [potion of mutation]
 11276 | D:12     | Gained mutation: You are resistant to hostile enchantments. [potion of mutation]
 11277 | D:12     | Gained mutation: You have a somewhat thin skeletal structure (Dex +2, Stlth). [potion of beneficial mutation]
 11278 | D:12     | Gained mutation: You are agile. (Dex +2) [potion of beneficial mutation]
 11845 | D:12     | Noticed a hill giant
 11856 | D:12     | Killed a hill giant
 11959 | D:12     | Found Taosaira's Magical Wand Boutique.
 12165 | D:13     | Noticed Maurice
 12180 | D:13     | Killed Maurice
 12209 | D:13     | Noticed Urug
 12230 | D:13     | Killed Urug
 12402 | D:13     | Noticed Fannar
 12723 | D:13     | Reached skill level 15 in Long Blades
 12958 | Lair:1   | Entered Level 1 of the Lair of Beasts
 12985 | Lair:1   | Noticed a seven-headed hydra
 12992 | Lair:1   | Killed a four-headed hydra
 13313 | Lair:1   | Found an iron altar of Okawaru.
 13337 | Lair:1   | Received a gift from Okawaru
 15243 | Lair:3   | Received a gift from Okawaru
 15243 | Lair:3   | Reached XP level 13. HP: 101/101 MP: 13/13
 15808 | Lair:3   | Got a slimy robe
 15809 | Lair:3   | Identified the cursed +1 robe of Monotheism {Str+5 Int-2} (You found it on level 3 of the Lair of Beasts)
 15840 | Lair:3   | Found a staircase to the Snake Pit.
 15849 | Lair:3   | the staircase to the Snake Pit was a mimic.
 15852 | Lair:3   | Reached skill level 10 in Armour
 16310 | Lair:4   | Found a staircase to the Snake Pit.
 16777 | Lair:4   | Received a gift from Okawaru
 17459 | Lair:5   | Reached skill level 5 in Invocations
 17503 | Lair:5   | Got a dazzling dagger
 17504 | Lair:5   | Identified the cursed +3,+2 dagger "Giantslayer" {pain, *Tele Dex+3 Int+1} (You found it on level 5 of the Lair of Beasts)
 17534 | Lair:5   | Received a gift from Okawaru
 18768 | Lair:6   | Reached skill level 5 in Evocations
 18979 | Lair:6   | Found a staircase to the Shoals.
 19031 | Lair:6   | Got a brightly glowing iron ring
 19464 | Lair:7   | Reached XP level 14. HP: 87/107 MP: 25/25
 20115 | Lair:7   | Identified the ring "Chovus" {Ice +Fly} (You acquired it on level 6 of the Lair of Beasts)
 20415 | Lair:8   | Entered Level 8 of the Lair of Beasts
 20436 | Lair:8   | Received a gift from Okawaru
 20477 | Lair:8   | Reached skill level 16 in Long Blades
 20500 | Lair:8   | Found a staircase to the Slime Pits.
 21099 | Lair:8   | Noticed bronies4ever's ghost (powerful TrMo)
 21127 | Lair:8   | Killed bronies4ever's ghost
 21127 | Lair:8   | Reached skill level 10 in Evocations
 21528 | Lair:8   | Received a gift from Okawaru
 21960 | Lair:8   | Got an iridescent short sword
 21963 | Lair:8   | Identified the +8,+6 short sword "Twellukk" {slice, SInv} (You found it on level 8 of the Lair of Beasts)
 22456 | Orc:1    | Entered Level 1 of the Orcish Mines
 22496 | Orc:1    | Reached skill level 17 in Long Blades
 22683 | Orc:1    | Found a roughly hewn altar of Beogh.
 23104 | Orc:2    | Found an iron altar of Okawaru.
 23777 | Orc:3    | Noticed Donald
 23807 | Orc:3    | Killed Donald
 23883 | Orc:3    | Received a gift from Okawaru
 24038 | Orc:3    | Found a roughly hewn altar of Beogh.
 24217 | Orc:3    | Noticed Grum
 24226 | Orc:3    | Killed Grum
 24514 | Orc:3    | Reached skill level 15 in Shields
 24994 | Orc:4    | Entered Level 4 of the Orcish Mines
 25137 | Orc:4    | Found a staircase to the Elven Halls.
 25212 | Orc:4    | Found a labyrinth entrance.
 25227 | Lab      | Entered a labyrinth
 25681 | Lab      | Identified the Tome of Hurtful Earth
 26056 | Orc:4    | Reached XP level 15. HP: 114/114 MP: 28/28
 26195 | Orc:4    | Found Shyegaemp's Magic Scroll Shop.
 26195 | Orc:4    | Found Jatamaew's Gadget Shoppe.
 26197 | Orc:4    | Found Klitel's General Store.
 26197 | Orc:4    | Found Motzet's Food Shop.
 26285 | Orc:4    | Noticed Saint Roka
 26359 | Orc:4    | HP: 4/171 [Saint Roka/glowing battleaxe (8)]
 26361 | Orc:4    | Killed from afar by Saint Roka

Action                   |  1- 3 |  4- 6 |  7- 9 | 10-12 | 13-15 || total
-------------------------+-------+-------+-------+-------+-------++-------
Melee: Falchion          |   134 |    84 |       |       |       ||   218
       Long sword        |       |   262 |   763 |       |       ||  1025
       Scimitar          |       |       |    32 |  1031 |  1691 ||  2754
Invok: Heroism           |       |       |     1 |       |     7 ||     8
 Abil: Evoke Flight      |       |       |       |       |     1 ||     1
       Evoke Invisibilit |       |       |       |       |     4 ||     4
Evoke: Wand              |       |       |     2 |     5 |     7 ||    14
  Use: Scroll            |     2 |     9 |    11 |    11 |    11 ||    44
       Potion            |       |     1 |     1 |    12 |    12 ||    26
 Stab: Fleeing           |       |       |       |       |     1 ||     1
       Invisible         |       |       |       |       |    13 ||    13
